HSSL
BUTLER HS GOLDEN TORNADO @ BROOKLINE HS WARRIORS
04/15/2030
 
TOP OF THE 1ST
Butler HS Golden Tornado batting - Pitching for Brookline HS Warriors : RHP Paul Powell
Pitching: RHP Paul Powell
Batting: LHB Chris Powell 0-0: Called Strike
0-1: Swinging Strike
0-2: Strikes out swinging
Batting: RHB Luis Mota 0-0: Ball
1-0: Ground out 5-3 (Groundball, 5L)
Batting: LHB Francisco Sousa 0-0: Swinging Strike
0-1: Ball
1-1: Swinging Strike
1-2: Strikes out swinging
Top of the 1st over - 0 runs, 0 hits, 0 errors, 0 left on base; Butler HS 0 - Brookline HS 0
BOTTOM OF THE 1ST
Brookline HS Warriors batting - Pitching for Butler HS Golden Tornado : LHP Brooks Jiménez
Pitching: LHP Brooks Jiménez
Batting: RHB Gilbert Bentley 0-0: Foul Ball, location: 2F
0-1: Ball
1-1: Foul Ball, location: 2F
1-2: Strikes out swinging
Batting: RHB John Warren 0-0: Called Strike
0-1: Called Strike
0-2: Ball
1-2: Foul Ball, location: 2F
1-2: Ground out 5-3 (Groundball, 56S)
Batting: RHB Raúl Rivera 0-0: Called Strike
0-1: Swinging Strike
0-2: Foul Ball, location: 2F
0-2: Ground out 6-3 (Groundball, 6S)
Bottom of the 1st over - 0 runs, 0 hits, 0 errors, 0 left on base; Butler HS 0 - Brookline HS 0
TOP OF THE 2ND
Butler HS Golden Tornado batting - Pitching for Brookline HS Warriors : RHP Paul Powell
Batting: RHB Blake Carpenter 0-0: Ball
1-0: Fly out, F4 (Popup, 4S)
Batting: RHB Gary Estes 0-0: Ball
1-0: Ball
2-0: Called Strike
2-1: Fly out, F9 (Flyball, 9)
Batting: LHB Arturo Ruíz 0-0: Ball
1-0: Ball
2-0: Swinging Strike
2-1: Called Strike
2-2: Foul Ball, location: 2F
2-2: Foul Ball, location: 2F
2-2: Ball
3-2: Ground out 4-3 (Groundball, 4M)
Top of the 2nd over - 0 runs, 0 hits, 0 errors, 0 left on base; Butler HS 0 - Brookline HS 0
BOTTOM OF THE 2ND
Brookline HS Warriors batting - Pitching for Butler HS Golden Tornado : LHP Brooks Jiménez
Batting: LHB Earnest Butler 0-0: Ball
1-0: Foul Ball, location: 2F
1-1: Foul Ball, location: 2F
1-2: Ball
2-2: SOLO HOME RUN (Flyball, 9D), Distance : 390 ft
Batting: RHB León Colón 0-0: Ball
1-0: Fly out, F4 (Flyball, 34D)
Batting: RHB Theron Lyon 0-0: Ball
1-0: Foul Ball, location: 2F
1-1: Ball
2-1: DOUBLE (Line Drive, 8LD)
Batting: RHB Michael Mossman 0-0: Ball
1-0: Called Strike
1-1: Foul Ball, location: 2F
1-2: Ground out U3 (Groundball, 3S)
Theron Lyon to third
Batting: RHB Cole Gray 0-0: Ball
1-0: SINGLE (Flyball, 9S)
Theron Lyon scores
Batting: LHB Rich Heath 0-0: Called Strike
0-1: Swinging Strike
0-2: Foul Ball, location: 2F
0-2: Foul Ball, location: 2F
0-2: Ball
1-2: Foul Ball, location: 2F
1-2: Strikes out looking
Bottom of the 2nd over - 2 runs, 3 hits, 0 errors, 1 left on base; Butler HS 0 - Brookline HS 2
TOP OF THE 3RD
Butler HS Golden Tornado batting - Pitching for Brookline HS Warriors : RHP Paul Powell
Batting: SHB Víctor Ortíz 0-0: Ball
1-0: DOUBLE (Flyball, 89D)
Batting: RHB Nick Washington 0-0: Ball
1-0: Ground out 5-3 (Groundball, 5)
Batting: RHB Michael Edmonds 0-0: Foul Ball, location: 2F
0-1: Reached via error on a dropped throw, E1
Víctor Ortíz to third
Batting: LHB Chris Powell 0-0: Called Strike
0-1: Called Strike
0-2: Ball
1-2: Strikes out swinging
Batting: RHB Luis Mota 0-0: Ball
1-0: Ball
2-0: Foul Ball, location: 2F
2-1: Fly out, F9 (Flyball, 9)
Top of the 3rd over - 0 runs, 1 hit, 1 error, 2 left on base; Butler HS 0 - Brookline HS 2
BOTTOM OF THE 3RD
Brookline HS Warriors batting - Pitching for Butler HS Golden Tornado : LHP Brooks Jiménez
Batting: RHB Gilbert Bentley 0-0: Called Strike
0-1: Ball
1-1: Ball
2-1: Foul Ball, location: 2F
2-2: SINGLE (Line Drive, 89S)
Batting: RHB John Warren 0-0: Ball
1-0: SINGLE (Line Drive, 34D)
Gilbert Bentley to second
Batting: RHB Raúl Rivera 0-0: Ball
1-0: Ball
2-0: Ball
3-0: Base on Balls
Gilbert Bentley to third
John Warren to second
Batting: LHB Earnest Butler 0-0: Foul Ball, location: 2F
0-1: Swinging Strike
0-2: Foul Ball, location: 2F
0-2: Strikes out looking
Batting: RHB León Colón 0-0: Called Strike
0-1: Called Strike
0-2: Fly out, F8 (Flyball, 8RM)
Runner from 3rd tags up, SCORES, throw made
Batting: RHB Theron Lyon 0-0: Called Strike
0-1: Reached via error on a dropped throw, E4
John Warren to third
Raúl Rivera to second
Batting: RHB Michael Mossman 0-0: Ball
1-0: Called Strike
1-1: Swinging Strike
1-2: Strikes out swinging
Bottom of the 3rd over - 1 run, 2 hits, 1 error, 3 left on base; Butler HS 0 - Brookline HS 3
TOP OF THE 4TH
Butler HS Golden Tornado batting - Pitching for Brookline HS Warriors : RHP Paul Powell
Batting: LHB Francisco Sousa 0-0: Called Strike
0-1: Swinging Strike
0-2: Ball
1-2: Ball
2-2: Ball
3-2: SINGLE (Flyball, 89M)
Batting: RHB Blake Carpenter 0-0: Ball
1-0: Ball
2-0: Foul Ball, location: 2F
2-1: Fly out, F8 (Flyball, 78M)
Batting: RHB Gary Estes 0-0: Called Strike
0-1: SINGLE (Line Drive, 6D)
Francisco Sousa to second
Batting: LHB Arturo Ruíz 0-0: SINGLE (Flyball, 78S)
Francisco Sousa to third
Gary Estes to second
Runner from 3rd tries for Home, SAFE, no throw
Batting: SHB Víctor Ortíz 0-0: Fly out, F4 (Popup, 3D)
Batting: RHB Nick Washington 0-0: Called Strike
0-1: Foul Ball, location: 2F
0-2: Strikes out looking
Top of the 4th over - 1 run, 3 hits, 0 errors, 2 left on base; Butler HS 1 - Brookline HS 3
BOTTOM OF THE 4TH
Brookline HS Warriors batting - Pitching for Butler HS Golden Tornado : LHP Brooks Jiménez
Batting: RHB Cole Gray 0-0: Ball
1-0: Ball
2-0: Ground out U3 (Groundball, 3S)
Batting: LHB Rich Heath 0-0: SINGLE (Line Drive, 34D)
Batting: RHB Gilbert Bentley 0-0: Foul Ball, location: 2F
0-1: Foul Ball, location: 2F
0-2: Ball
1-2: Strikes out swinging
Batting: RHB John Warren 0-0: Called Strike
Rich Heath is caught stealing 2nd base
Bottom of the 4th over - 0 runs, 1 hit, 0 errors, 0 left on base; Butler HS 1 - Brookline HS 3
TOP OF THE 5TH
Butler HS Golden Tornado batting - Pitching for Brookline HS Warriors : RHP Paul Powell
Batting: RHB Michael Edmonds 0-0: Foul Ball, location: 2F
0-1: Ball
1-1: Ball
2-1: Fly out, F8 (Line Drive, 8LS)
Batting: LHB Chris Powell 0-0: Ball
1-0: Ball
2-0: Ball
3-0: Called Strike
3-1: Called Strike
3-2: Fly out, F4 (Line Drive, 4)
Batting: RHB Luis Mota 0-0: Ball
1-0: Ball
2-0: Ball
3-0: Base on Balls
Batting: LHB Francisco Sousa 0-0: Ball
1-0: Ball
2-0: Ball
3-0: Foul Ball, location: 2F
3-1: Base on Balls
Luis Mota to second
Batting: RHB Blake Carpenter 0-0: Called Strike
0-1: Ball
1-1: Swinging Strike
1-2: Strikes out looking
Top of the 5th over - 0 runs, 0 hits, 0 errors, 2 left on base; Butler HS 1 - Brookline HS 3
BOTTOM OF THE 5TH
Brookline HS Warriors batting - Pitching for Butler HS Golden Tornado : LHP Brooks Jiménez
Batting: RHB John Warren 0-0: Ball
1-0: Ground out 3-1 (Groundball, 34S)
Batting: RHB Raúl Rivera 0-0: Ball
1-0: Swinging Strike
1-1: SINGLE (Flyball, 8RM)
Batting: LHB Earnest Butler 0-0: Ball
Raúl Rivera is caught stealing 2nd base
1-0: Ball
2-0: Swinging Strike
2-1: Foul Ball, location: 2F
2-2: Strikes out swinging
Bottom of the 5th over - 0 runs, 1 hit, 0 errors, 0 left on base; Butler HS 1 - Brookline HS 3
TOP OF THE 6TH
Butler HS Golden Tornado batting - Pitching for Brookline HS Warriors : RHP Paul Powell
Batting: RHB Gary Estes 0-0: Ball
1-0: Foul Ball, location: 2F
1-1: Foul Ball, location: 2F
1-2: Foul Ball, location: 2F
1-2: Ball
2-2: Foul Ball, location: 2F
2-2: Ground out 6-3 (Groundball, 6)
Pitching: LHP Stan Dwyer
Batting: LHB Arturo Ruíz 0-0: Ball
1-0: Called Strike
1-1: Ball
2-1: Fly out, F4 (Flyball, 4D)
Batting: SHB Víctor Ortíz 0-0: Ball
1-0: Swinging Strike
1-1: Foul Ball, location: 2F
1-2: Foul Ball, location: 2F
1-2: SINGLE (Line Drive, 4MD)
Batting: RHB Nick Washington 0-0: Called Strike
0-1: Ball
1-1: Foul Ball, location: 2F
1-2: Fly out, F8 (Flyball, 8LD)
Top of the 6th over - 0 runs, 1 hit, 0 errors, 1 left on base; Butler HS 1 - Brookline HS 3
BOTTOM OF THE 6TH
Brookline HS Warriors batting - Pitching for Butler HS Golden Tornado : LHP Brooks Jiménez
Pitching: LHP Michael Carroll
Batting: RHB León Colón 0-0: Ball
1-0: Ground out 5-3 (Groundball, 56)
Batting: RHB Theron Lyon 0-0: Ball
1-0: Ball
2-0: Ball
3-0: Called Strike
3-1: Reached on error, E6 (Groundball, 6S)
Batting: RHB Michael Mossman 0-0: Ball
1-0: Called Strike
1-1: Ball
2-1: Ball
3-1: Base on Balls
Batting: RHB Cole Gray 0-0: SINGLE (Groundball, 34D)
Theron Lyon to third
Michael Mossman to second
Batting: LHB Rich Heath 0-0: Called Strike
0-1: Ball
1-1: Swinging Strike
1-2: Ball
2-2: Foul Ball, location: 2F
2-2: SINGLE (Groundball, 4D)
Theron Lyon scores
Michael Mossman to third
Cole Gray to second
Runner from 3rd tries for Home, SAFE, no throw
Pitching: LHP Mike Houchin
Batting: RHB Gilbert Bentley 0-0: Swinging Strike
0-1: Foul Ball, location: 2F
0-2: Ball
1-2: Ball
2-2: Foul Ball, location: 2F
2-2: Grounds into double play, 5-4-3 (Groundball, 5)
Bottom of the 6th over - 2 runs, 2 hits, 1 error, 1 left on base; Butler HS 1 - Brookline HS 5
TOP OF THE 7TH
Butler HS Golden Tornado batting - Pitching for Brookline HS Warriors : LHP Stan Dwyer
Batting: RHB Michael Edmonds 0-0: Ball
1-0: Called Strike
1-1: Called Strike
1-2: Foul Ball, location: 2F
1-2: Ground out 6-3 (Groundball, 6S)
Batting: LHB Chris Powell 0-0: Called Strike
0-1: Swinging Strike
0-2: Strikes out swinging
Batting: RHB Luis Mota 0-0: Called Strike
0-1: Ball
1-1: Foul Ball, location: 2F
1-2: SINGLE (Groundball, 6MD)
Batting: LHB Francisco Sousa 0-0: Called Strike
0-1: Ball
1-1: Ball
2-1: Called Strike
2-2: Ball
3-2: Base on Balls
Luis Mota to second
Batting: RHB Blake Carpenter 0-0: Fly out, F8 (Flyball, 89D)
Top of the 7th over - 0 runs, 1 hit, 0 errors, 2 left on base; Butler HS 1 - Brookline HS 5
BOTTOM OF THE 7TH
Brookline HS Warriors batting - Pitching for Butler HS Golden Tornado : LHP Mike Houchin
Batting: RHB John Warren 0-0: Ball
1-0: Ball
2-0: Ground out 6-3 (Groundball, 6)
Batting: RHB Raúl Rivera 0-0: Called Strike
0-1: Ball
1-1: Foul Ball, location: 2F
1-2: Ball
2-2: Ball
3-2: Base on Balls
Batting: LHB Earnest Butler 0-0: Swinging Strike
Raúl Rivera steals 2nd base
0-1: Ball
1-1: Ball
2-1: Foul Ball, location: 2F
2-2: Foul Ball, location: 2F
2-2: Foul Ball, location: 2F
2-2: Ball
3-2: Base on Balls
Batting: RHB León Colón 0-0: Ball
1-0: Ball
2-0: Ball
3-0: Base on Balls
Raúl Rivera to third
Earnest Butler to second
Batting: RHB Theron Lyon 0-0: Ball
1-0: Fly out, F4 (Line Drive, 4)
Batting: RHB Michael Mossman 0-0: Swinging Strike
0-1: Fielders Choice at 2nd, U4 (Groundball, 4M)
Bottom of the 7th over - 0 runs, 0 hits, 0 errors, 3 left on base; Butler HS 1 - Brookline HS 5
TOP OF THE 8TH
Butler HS Golden Tornado batting - Pitching for Brookline HS Warriors : LHP Stan Dwyer
Batting: RHB Gary Estes 0-0: Called Strike
0-1: Swinging Strike
0-2: SINGLE (Line Drive, 8LS)
Batting: LHB Arturo Ruíz 0-0: Ball
1-0: Called Strike
1-1: Swinging Strike
1-2: Fly out, F9 (Flyball, 9)
Batting: SHB Víctor Ortíz 0-0: Ball
1-0: Ball
2-0: SINGLE (Groundball, 4MD)
Gary Estes to second
Batting: RHB Nick Washington 0-0: Ball
1-0: Foul Ball, location: 2F
1-1: Ball
2-1: Foul Ball, location: 2F
2-2: Foul Ball, location: 2F
2-2: Ball
3-2: Fielders Choice at 2nd, 6-4 (Groundball, 6)
Gary Estes to third
Batting: RHB Michael Edmonds 0-0: Called Strike
0-1: Ball
1-1: Foul Ball, location: 2F
1-2: Foul Ball, location: 2F
1-2: Strikes out swinging
Top of the 8th over - 0 runs, 2 hits, 0 errors, 2 left on base; Butler HS 1 - Brookline HS 5
BOTTOM OF THE 8TH
Brookline HS Warriors batting - Pitching for Butler HS Golden Tornado : LHP Mike Houchin
Batting: RHB Cole Gray 0-0: Ball
1-0: Ball
2-0: Ball
3-0: Called Strike
3-1: Foul Ball, location: 2F
3-2: Base on Balls
Batting: LHB Rich Heath 0-0: Ball
1-0: Ball
2-0: Grounds into double play, 4-6-3 (Groundball, 4)
Batting: RHB Gilbert Bentley 0-0: Foul Ball, location: 2F
0-1: Ball
1-1: Ball
2-1: Foul Ball, location: 2F
2-2: Foul Ball, location: 2F
2-2: Fly out, F9 (Flyball, 89S)
Bottom of the 8th over - 0 runs, 0 hits, 0 errors, 0 left on base; Butler HS 1 - Brookline HS 5
TOP OF THE 9TH
Butler HS Golden Tornado batting - Pitching for Brookline HS Warriors : LHP Stan Dwyer
Batting: LHB Chris Powell 0-0: Ball
1-0: Called Strike
1-1: Called Strike
1-2: Ball
2-2: Foul Ball, location: 2F
2-2: Foul Ball, location: 2F
2-2: Foul Ball, location: 2F
2-2: Fly out, F9 (Flyball, 89D)
Batting: RHB Luis Mota 0-0: Foul Ball, location: 2F
0-1: Fly out, F8 (Flyball, 8LM)
Batting: LHB Francisco Sousa 0-0: Called Strike
0-1: Ball
1-1: Ball
2-1: Ball
3-1: Base on Balls
Batting: RHB Blake Carpenter 0-0: Ball
1-0: Ball
2-0: Foul Ball, location: 2F
2-1: Foul Ball, location: 2F
2-2: Foul Ball, location: 2F
2-2: Ball
3-2: Base on Balls
Francisco Sousa to second
Batting: RHB Gary Estes 0-0: Called Strike
0-1: Fielders Choice at 2nd, 6-4 (Groundball, 56)
Top of the 9th over - 0 runs, 0 hits, 0 errors, 2 left on base; Butler HS 1 - Brookline HS 5
Saturday, April 7th, 2018 - OOTP Baseball 18.8 Build 76